 Dungeon Crawl Stone Soup version 0.23-a0-208-gb6b040f31c (webtiles) character file.

1156 PikkenKukken the Cleaver (level 8, 0/106 HPs)
             Began as a Minotaur Monk on Sept 25, 2018.
             Succumbed to an orc warrior's poison
             ... on level 5 of the Dungeon.
             The game lasted 00:08:38 (4497 turns).

PikkenKukken the Cleaver (Minotaur Monk)            Turns: 4497, Time: 00:08:39

Health: 0/106      AC: 24    Str: 15 (17) XL:     8   Next: 16%
Magic:  7/7        EV:  2    Int: 11 (12) God:
Gold:   205        SH:  0    Dex: 13 (14) Spells: 7/7 levels left

rFire    + . .     SeeInvis .   p - +0 battleaxe
rCold    . . .     Gourm    .   (shield currently unavailable)
rNeg     + + +     Faith    +   (armour currently unavailable)
rPois    +         Spirit   .   (helmet currently unavailable)
rElec    .         Reflect  .   (cloak currently unavailable)
rCorr    .         Harm     .   (gloves currently unavailable)
MR       .....     NoTele   +   (boots currently unavailable)
Stlth    ++........             t - amulet of faith
HPRegen  0.27/turn              b - ring of protection from fire
MPRegen  0.10/turn              x - +3 ring of evasion

@: brilliant, lethally poisoned (0 -> -5), tree-form, hasted, very quick
A: (retaliatory headbutt)
a: no special abilities


You were on level 5 of the Dungeon.
You were not hungry.
You were a tree.
You visited 1 branch of the dungeon, and saw 6 of its levels.

You collected 205 gold pieces.

Inventory:

Hand Weapons
 a - a +1 hand axe
 m - a +2 hand axe of draining
 p - a +0 battleaxe (weapon)
Armour
 d - a +0 pair of boots (melded)
 l - a +2 pair of gloves (melded)
 o - a +0 scale mail
 r - a +1 chain mail (melded)
Jewellery
 b - a ring of protection from fire (left branch)
 t - an amulet of faith (around neck)
 x - a +3 ring of evasion (right branch)
Wands
 f - a wand of polymorph (8)
 k - a wand of scattershot (4)
 v - a wand of flame (33)
Scrolls
 e - 4 scrolls of remove curse
 i - 3 scrolls of teleportation
 q - 2 scrolls of immolation
 s - 2 scrolls of enchant weapon
Potions
 h - 2 potions of might
 n - a potion of brilliance
Comestibles
 c - 10 rations
 u - a chunk of flesh


   Skills:
 + Level 6.3 Fighting
 * Level 8.2 Axes
 + Level 4.9 Armour
 + Level 5.7 Dodging
 - Level 1.5 Stealth


You had 7 spell levels left.
You didn't know any spells.
Your spell library contained the following spells:

 Spells                   Type           Power        Failure   Level  Hunger
 Beastly Appendage        Tmut           #.....       4%          1    ##.....
 Sticks to Snakes         Tmut           #.......     6%          2    ###....
 Ignite Poison            Fire/Tmut/Pois #.......     12%         3    ####...
 Mephitic Cloud           Conj/Pois/Air  #.......     12%         3    ####...
 Spider Form              Tmut/Pois      #.........   12%         3    ####...
 Ice Form                 Ice/Tmut       #.......     32%         4    #####..
 Blade Hands              Tmut           #.........   63%         5    ######.
 Disjunction              Tloc           #.........   100%        8    #######


Dungeon Overview and Level Annotations

Branches:
Dungeon (6/15)
 Temple: D:4-7

Altars:
Cheibriados
Okawaru
Qazlal
Trog
Vehumet

Shops:
D:4 [

Annotations:
D:2 1 runed door
D:3 3 runed doors, Jesh's ghost, amateur SpEn
D:4 3 runed doors, boarsaur's ghost, amateur CeBe


Innate Abilities, Weirdness & Mutations

((You reflexively headbutt those who attack you in melee.))
((You have a pair of horns on your head.))


Message History

You feel sick.
* * * LOW HITPOINT WARNING * * *
You feel sick.
* * * LOW HITPOINT WARNING * * *
You feel sick.
* * * LOW HITPOINT WARNING * * *
You feel sick.
* * * LOW HITPOINT WARNING * * *
You feel sick.
* * * LOW HITPOINT WARNING * * *
You feel sick.
* * * LOW HITPOINT WARNING * * *
You feel sick.
* * * LOW HITPOINT WARNING * * *
You feel sick.
* * * LOW HITPOINT WARNING * * *
You feel sick.
* * * LOW HITPOINT WARNING * * *
You feel sick.
You die...

#...#.# #.###..#.##.#
#...#.######.#
#.......#
##.##........#
#.#..##.#
.....#########
#.#.###.# ##.#.########
#.......# ##.#.##.....#
###.#####
#..#.##.....######.####
#.##.#.......<.......[#
.....#.......###♣..##.#
.............###.).##.#
#.#.#..##......#...##.#
#...#..####..#.#..###.#
##..#..####..#.#......#
............[.....#####
......#.######.#.##
...####.#........# ####
#.........####.###
#######...


There were no monsters in sight!

Vanquished Creatures
  A water moccasin (D:5)
  2 orc warriors
  An ice beast (D:5)
  A phantom (D:4)
  A centaur (D:5)
  3 howler monkeys
  A hound (D:5)
  An orc wizard (D:5)
  Jessica (D:3)
  A centaur skeleton (D:4)
  3 iguanas
  4 worker ants
  A hound zombie (D:5)
  3 gnolls (D:3)
  2 adders
  A shadow imp (D:5)
  2 oozes (D:1)
  An adder skeleton (D:5)
  5 worms
  A dart slug (D:3)
  7 leopard geckos
  18 orcs
  A ball python (D:2)
  4 giant cockroaches
  7 goblins
  5 hobgoblins
  2 quokkas (D:3)
  8 bats
  A frilled lizard (D:4)
  8 kobolds
  4 rats
  A plant (D:5)
102 creatures vanquished.

Notes
Turn   | Place    | Note
-------+----------+-------------------------------------------
     0 | D:1      | PikkenKukken the Minotaur Monk began the quest for the Orb.
     0 | D:1      | Reached XP level 1. HP: 19/19 MP: 0/0
   239 | D:1      | Reached XP level 2. HP: 27/27 MP: 1/1
   261 | D:1      | Reached skill level 4 in Axes
   454 | D:1      | Reached skill level 1 in Armour
   600 | D:1      | Reached XP level 3. HP: 33/33 MP: 2/2
  1182 | D:2      | Found a runed door.
  1230 | D:2      | Found a radiant altar of Vehumet.
  1582 | D:3      | Reached XP level 4. HP: 33/40 MP: 3/3
  1766 | D:3      | Found a runed gate.
  1766 | D:3      | Found a runed gate.
  1766 | D:3      | Found a runed gate.
  1912 | D:3      | Noticed Jesh's ghost (amateur SpEn)
  1991 | D:3      | Reached skill level 5 in Axes
  2016 | D:3      | Reached XP level 5. HP: 45/47 MP: 4/4
  2062 | D:3      | Noticed Jessica
  2065 | D:3      | Killed Jessica
  2472 | D:4      | Found Hefih's Antique Armour Emporium.
  2573 | D:4      | Reached XP level 6. HP: 55/55 MP: 5/5
  2581 | D:4      | Found an iron altar of Okawaru.
  2601 | D:4      | Reached skill level 5 in Fighting
  2601 | D:4      | Reached skill level 6 in Axes
  2658 | D:4      | Noticed an orc warrior
  2745 | D:4      | Killed an orc warrior
  2820 | D:4      | Reached XP level 7. HP: 51/61 MP: 6/6
  2971 | D:4      | Found a runed gate.
  2972 | D:4      | Found a runed gate.
  2973 | D:4      | Found a runed gate.
  2977 | D:4      | Noticed boarsaur's ghost (amateur CeBe)
  3626 | D:5      | Entered Level 5 of the Dungeon
  3626 | D:5      | Found a snail-covered altar of Cheibriados.
  3626 | D:5      | Found a stormy altar of Qazlal.
  3635 | D:5      | Found a bloodstained altar of Trog.
  3656 | D:5      | Reached skill level 7 in Axes
  3656 | D:5      | Reached skill level 5 in Dodging
  4060 | D:5      | Identified the Disquisition on Noxious Translocation
  4323 | D:5      | Reached skill level 8 in Axes
  4323 | D:5      | Reached XP level 8. HP: 52/70 MP: 7/7
  4489 | D:5      | HP: 5/106 [poisoned by an orc warrior]
  4494 | D:5      | HP: 2/106 [poisoned by an orc warrior]
  4497 | D:5      | Succumbed to an orc warrior's poison

Vault maps used:
D:1:      dpeg_arrival_pond
D:2:      vehumet_crystals, uniq_crazy_yiuf_cottage
D:3:      gammafunk_ghost_icy, nrook_uturn, uniq_jessica
D:4:      old_standard_altar, ebering_ghost_rock_garden, first_ration,
          serial_shops, shop
D:5:      gammafunk_temple_overflow_forgotten, abandoned_shop,
          serial_park_tiny_1
D:6:      serial_bayou_crossing, uniq_prince_ribbit1

Skill      XL: |  1  2  3  4  5  6  7 |
---------------+----------------------+-----
Axes           | 4 5 6 8 |  8.2
Armour         | 1 2 3 4 |  4.9
Fighting       | 4 5 6 |  6.3
Dodging        | 4 5 |  5.7
Stealth        | |  1.5

Action                   |  1- 3 |  4- 6 |  7- 9 || total
-------------------------+-------+-------+-------++-------
Melee: Hand axe          |    63 |    78 |       ||   141
       Headbutt          |     7 |    23 |    17 ||    47
       Battleaxe         |       |    11 |    87 ||    98
  Use: Scroll            |     6 |     3 |     3 ||    12
       Potion            |       |     1 |     4 ||     5
 Stab: Sleeping          |     4 |       |       ||     4
  Eat: Chunk             |     1 |     5 |     5 ||    11
Armor: Robe              |     9 |       |       ||     9
       Ring mail         |     6 |     6 |       ||    12
       Scale mail        |       |    20 |       ||    20
       Chain mail        |       |     6 |    35 ||    41
       Skin              |       |       |     1 ||     1
Dodge: Dodged            |    37 |    51 |    45 ||   133

Table legend:
 A = Non-vault XP
 B = Vault XP
 C = Vault XP percentage of total XP
 D = Non-vault monster count
 E = Vault monster count
 F = Vault count percentage of total count
                 A         B        C        D         E       F
            +---------+---------+-------+---------+---------+-------
      Total |    1615 |      37 |   2.2 |     100 |       1 |   1.0
            +---------+---------+-------+---------+---------+-------
        D:1 |      41 |       0 |   0.0 |      17 |       0 |   0.0
        D:2 |      19 |       0 |   0.0 |       9 |       0 |   0.0
        D:3 |     152 |      37 |  19.6 |      26 |       1 |   3.7
        D:4 |     593 |       0 |   0.0 |      26 |       0 |   0.0
        D:5 |     810 |       0 |   0.0 |      22 |       0 |   0.0
            +---------+---------+-------+---------+---------+-------
